[Event "Team 45 45 League T55"]
[Site "Internet Chess Club"]
[Date "2012.11.30"]
[Round "3"]
[White "mmf00"]
[Black "lacibacsi"]
[Result "1/2-1/2"]
[WhiteElo "2038"]
[BlackElo "2048"]
[Opening "Caro-Kann: Panov-Botvinnik attack"]
[ECO "B13"]
[Time "16:33:41"]
[TimeControl "2700+45"]

1. e4 c6 2. d4 d5 3. exd5 cxd5 4. c4 Nf6 5. Nc3 Nc6 6. Nf3 g6 7. cxd5 Nxd5 8.
Bc4 Nxc3 9. bxc3 Bg7 10. Bf4 O-O 11. O-O a6 12. a4 Bg4 13. h3 Bxf3 14. Qxf3 e5
15. dxe5 Nxe5 16. Bxe5 Bxe5 17. Qxb7 Qf6 18. Be2 Bxc3 19. Rad1 Bd4 20. Qf3 a5
{Game drawn by mutual agreement} 1/2-1/2

[Event "Team 45 45 League T55"]
[Site "Internet Chess Club"]
[Date "2012.12.01"]
[Round "3"]
[White "mitus"]
[Black "imawesome"]
[Result "1/2-1/2"]
[WhiteElo "1752"]
[BlackElo "1855"]
[Opening "Sicilian: Hungarian variation"]
[ECO "B27"]
[Time "11:18:43"]
[TimeControl "2700+45"]

1. e4 c5 2. Nf3 g6 3. d4 cxd4 4. Qxd4 Nf6 5. e5 Nc6 6. Qa4 Nd5 7. Qb3 Nc7 8. Bc4
Ne6 9. O-O Bg7 10. Bxe6 dxe6 11. Bf4 Qc7 12. Re1 O-O 13. Nc3 a6 14. a4 Bd7 15.
Rad1 Rfd8 16. Re4 Rac8 17. Rc4 Qb8 18. Re4 Qc7 19. Rc4 Be8 20. Re1 Qb8 21. Qb6
Qc7 22. Qb3 Qb8 23. Qb6 {Game drawn by mutual agreement} 1/2-1/2

[Event "Team 45 45 League T55"]
[Site "Internet Chess Club"]
[Date "2012.11.29"]
[Round "3"]
[White "rook9999"]
[Black "Insan996"]
[Result "1-0"]
[WhiteElo "1920"]
[BlackElo "1606"]
[Opening "Sicilian: Nimzovich-Rossolimo attack (with ...g6, without ...d6)"]
[ECO "B31"]
[Time "21:30:49"]
[TimeControl "2700+45"]

1. e4 c5 2. Nf3 Nc6 3. Bb5 g6 4. Bxc6 dxc6 5. O-O Bg7 6. d3 Nf6 7. Nc3 O-O 8.
Be3 b6 9. a4 Ng4 10. Bf4 Ba6 11. Re1 Nf6 12. h3 Re8 13. Ne5 Qc8 14. Qf3 Qe6 15.
Qe3 Nh5 16. Ng4 Nxf4 17. Qxf4 c4 18. dxc4 Qxc4 19. Nh6+ Kf8 20. Nd5 f6 21. Nc7
g5 22. Qf5 Bxh6 23. e5 Kf7 24. b3 Qh4 25. g3 Qh5 26. Qxh7+ {Black forfeits on
time} 1-0

[Event "Team 45 45 League T55"]
[Site "Internet Chess Club"]
[Date "2012.11.29"]
[Round "3"]
[White "fireball"]
[Black "ausya"]
[Result "1-0"]
[WhiteElo "1752"]
[BlackElo "1586"]
[Opening "Sicilian: Tartakower variation"]
[ECO "B21"]
[Time "19:31:40"]
[TimeControl "2700+45"]

1. e4 c5 2. d4 cxd4 3. c3 d6 4. Nf3 g6 5. Qxd4 Nf6 6. e5 Nc6 7. Bb5 dxe5 8.
Bxc6+ bxc6 9. Qxd8+ Kxd8 10. Nxe5 Ke8 11. O-O Bb7 12. Bg5 Bg7 13. Re1 h6 14. Bh4
g5 15. Bg3 Rd8 16. h3 c5 17. Na3 Ne4 18. Bh2 Rd2 19. Nac4 Rc2 20. f3 Nf2 21. Rf1
Bxe5 22. Nxe5 f6 23. Rxf2 Rxf2 24. Kxf2 fxe5 25. Bxe5 Rg8 26. c4 h5 27. Bb8 a5
28. Ba7 Ba6 29. b3 a4 30. Bxc5 e6 31. Re1 Kf7 32. Rd1 axb3 33. axb3 Rb8 34. Rd7+
Kf6 35. Ra7 Bc8 36. b4 e5 37. b5 Be6 38. Bd6 Rb6 39. Be7+ Kg6 40. Bd8 Rd6 41.
Bc7 Rd2+ 42. Ke3 Rb2 43. b6 Bc8 44. c5 Rc2 45. Bd6 Rb2 46. Bxe5 Rb5 47. Bd6 Rb3+
48. Kd4 Rb5 49. Kd5 Kf6 50. Kc6 {Black resigns} 1-0

[Event "Team 45 45 League T55"]
[Site "Internet Chess Club"]
[Date "2012.12.03"]
[Round "3"]
[White "ChessChamp"]
[Black "jonesey"]
[Result "1/2-1/2"]
[WhiteElo "1744"]
[BlackElo "1857"]
[Opening "Queen's pawn: Yusupov-Rubinstein system"]
[ECO "A00"]
[Time "16:38:38"]
[TimeControl "2700+45"]

1. e3 Nf6 2. d4 e6 3. Nf3 b6 4. Bd3 Bb7 5. O-O Be7 6. Nbd2 d5 7. b3 O-O 8. Bb2
Nbd7 9. Ne5 Ne4 10. f3 Nxd2 11. Qxd2 f6 12. Ng4 f5 13. Nf2 Bd6 14. e4 fxe4 15.
fxe4 Qh4 16. e5 Be7 17. Nh3 Rxf1+ 18. Rxf1 Rf8 19. Rxf8+ Nxf8 20. c3 c5 21. Qf4
Qe1+ 22. Qf1 Qd2 23. Qe2 Qh6 24. Qf2 cxd4 25. cxd4 Bc6 26. Bc3 Qc1+ 27. Qe1 Qa3
28. Qd2 Be8 29. Qb2 {Game drawn by mutual agreement} 1/2-1/2

[Event "Team 45 45 League T55"]
[Site "Internet Chess Club"]
[Date "2012.12.01"]
[Round "3"]
[White "calily"]
[Black "mellizas2003"]
[Result "1/2-1/2"]
[WhiteElo "1759"]
[BlackElo "1698"]
[Opening "Queen's pawn game, Darooha variation "]
[ECO "D02"]
[Time "02:00:09"]
[TimeControl "2700+45"]

1. Nf3 d5 2. d4 Nf6 3. g3 Bf5 4. Bg2 Nbd7 5. c4 e6 6. Nbd2 c6 7. O-O Be7 8. b3
Ne4 9. Nxe4 Bxe4 10. Nd2 Bxg2 11. Kxg2 O-O 12. e4 dxe4 13. Nxe4 Nf6 14. Re1 Nxe4
15. Rxe4 Re8 16. Bb2 Bf6 17. Qe2 c5 18. dxc5 Bxb2 19. Qxb2 Rc8 20. b4 a5 21. a3
b6 22. Rd4 Qc7 23. cxb6 Qxb6 24. c5 Rxc5 25. Rb1 Rb5 26. Qd2 e5 27. Rd6 Qb7+ 28.
Kg1 Qe4 29. Rb2 h6 30. bxa5 Rxb2 31. Qxb2 Qe1+ 32. Kg2 Qxa5 33. Rd7 e4 34. Qb3
Qf5 35. Qd5 Qf3+ 36. Kg1 Rc8 {Game drawn by mutual agreement} 1/2-1/2

[Event "Team 45 45 League T55"]
[Site "Internet Chess Club"]
[Date "2012.12.04"]
[Round "3"]
[White "nanning"]
[Black "parrot9"]
[Result "0-1"]
[WhiteElo "1646"]
[BlackElo "1708"]
[Opening "QGD Slav: 4.e3"]
[ECO "D11"]
[Time "14:01:02"]
[TimeControl "2700+45"]

1. d4 d5 2. c4 c6 3. Nf3 Nf6 4. e3 e6 5. b3 Nbd7 6. Bb2 Ne4 7. a3 Be7 8. Nc3
Ndf6 9. Bd3 O-O 10. Qc2 Nxc3 11. Bxc3 h6 12. Bb4 Bxb4+ 13. axb4 Qb6 14. Ra4 Bd7
15. O-O Qc7 16. Ne5 b6 17. Rfa1 c5 18. b5 a5 19. dxc5 Qxe5 20. c6 Bc8 21. b4
dxc4 22. Qxc4 Qc7 23. bxa5 Rxa5 24. Rxa5 bxa5 25. Rb1 Qb6 26. h3 Rd8 27. g4 Rd5
28. h4 Nxg4 29. c7 Ne5 {White resigns} 0-1

[Event "Team 45 45 League T55"]
[Site "Internet Chess Club"]
[Date "2012.11.30"]
[Round "3"]
[White "seikster"]
[Black "carokantor"]
[Result "1/2-1/2"]
[WhiteElo "1857"]
[BlackElo "2044"]
[Opening "English, Kramnik-Shirov counterattack"]
[ECO "A21"]
[Time "14:11:33"]
[TimeControl "2700+45"]

1. c4 e5 2. Nc3 Bb4 3. Nf3 Bxc3 4. dxc3 d6 5. h4 Nf6 6. h5 Be6 7. h6 g6 8. Bg5
Bxc4 9. Nxe5 Be6 10. Qa4+ c6 11. Qh4 dxe5 12. Bxf6 Qb6 13. Bxh8 Qxb2 14. Rd1
Qxc3+ 15. Rd2 Qc1+ 16. Rd1 Qc3+ 17. Rd2 {Game drawn by mutual agreement} 1/2-1/2

[Event "Team 45 45 League T55"]
[Site "Internet Chess Club"]
[Date "2012.12.02"]
[Round "3"]
[White "Tobiasdelmonte"]
[Black "LittleButton"]
[Result "0-1"]
[WhiteElo "1744"]
[BlackElo "1727"]
[Opening "Sicilian: dragon, Yugoslav attack, Rauser variation"]
[ECO "B76"]
[Time "14:03:57"]
[TimeControl "2700+45"]

1. e4 c5 2. Nf3 d6 3. d4 cxd4 4. Nxd4 Nf6 5. Nc3 g6 6. Be3 Bg7 7. f3 Nc6 8. Qd2
O-O 9. O-O-O Bd7 10. Kb1 Rc8 11. h4 Nh5 12. g4 Ng3 13. Rg1 Nxf1 14. Rdxf1 Ne5
15. Bh6 Bxh6 16. Qxh6 Rxc3 17. bxc3 Qa5 18. Nf5 Bxf5 19. gxf5 Qxc3 20. fxg6 fxg6
21. f4 Nc4 22. Rxg6+ Kf7 23. Qxh7+ Ke8 24. Qg7 Na3+ {White resigns} 0-1

[Event "Team 45 45 League T55"]
[Site "Internet Chess Club"]
[Date "2012.11.30"]
[Round "3"]
[White "SugarIslander"]
[Black "Warpdrive"]
[Result "1-0"]
[WhiteElo "1649"]
[BlackElo "1744"]
[Opening "King's Indian: orthodox, Aronin-Taimanov, 9.Ne1"]
[ECO "E98"]
[Time "19:02:45"]
[TimeControl "2700+45"]

1. d4 Nf6 2. c4 g6 3. Nc3 Bg7 4. e4 d6 5. Nf3 O-O 6. Be2 e5 7. O-O Nc6 8. d5 Ne7
9. Ne1 Ne8 10. Be3 f5 11. f3 f4 12. Bf2 g5 13. b4 Nf6 14. c5 h5 15. Rc1 Ng6 16.
cxd6 cxd6 17. Nb5 a6 18. Nc7 Bd7 19. Nxa8 Qxa8 20. Bb6 g4 21. Rc7 Rc8 22. Qc2
Bf8 23. Nd3 Rxc7 24. Qxc7 Qc8 25. Rc1 Qxc7 26. Rxc7 Bb5 27. Nc1 gxf3 28. Bxb5
axb5 29. gxf3 h4 30. Nd3 h3 31. Rxb7 Nh4 32. Kf2 Nh7 33. Bd8 {Black resigns} 1-0

[Event "Team 45 45 League T55"]
[Site "Internet Chess Club"]
[Date "2012.12.01"]
[Round "3"]
[White "vigneshv"]
[Black "chrisgianno"]
[Result "1-0"]
[WhiteElo "1644"]
[BlackElo "1667"]
[Opening "Dutch defense"]
[ECO "A81"]
[Time "13:25:01"]
[TimeControl "2700+45"]

1. d4 f5 2. g3 Nf6 3. Bg2 e6 4. Nf3 d5 5. O-O Bd6 6. c4 c6 7. b3 Qe7 8. Bb2 b6
9. Nbd2 O-O 10. Rc1 a5 11. cxd5 Nxd5 12. Nc4 Bc7 13. e3 Bb7 14. Nce5 c5 15. dxc5
bxc5 16. Ba3 Bd6 17. Nc4 Nd7 18. Nxd6 Qxd6 19. Nd4 Nxe3 20. fxe3 Bxg2 21. Kxg2
Qd5+ 22. Nf3 Ne5 23. Qxd5 exd5 24. Nxe5 Rfe8 25. Rxf5 g6 26. Rg5 {Black resigns}
1-0

[Event "Team 45 45 League T55"]
[Site "Internet Chess Club"]
[Date "2012.12.09"]
[Round "3"]
[White "TerryMalloy"]
[Black "alexping"]
[Result "0-1"]
[WhiteElo "2033"]
[BlackElo "1946"]
[Opening "French: Tarrasch, closed variation, main line"]
[ECO "C06"]
[Time "10:11:18"]
[TimeControl "2700+45"]

1. e4 e6 2. d4 d5 3. Nd2 Nf6 4. e5 Nfd7 5. Bd3 c5 6. c3 Nc6 7. Ne2 cxd4 8. cxd4
Qb6 9. O-O Nxd4 10. Nxd4 Qxd4 11. Nf3 Qb6 12. Qa4 Qb4 13. Qc2 f5 14. exf6 Nxf6
15. Re1 Bd6 16. Bd2 Qb6 17. Rac1 O-O 18. Bc3 Bd7 19. Qd2 Ne4 20. Rxe4 dxe4 21.
Bxe4 Bb5 22. Qg5 Rf7 23. Qh5 g6 24. Bxg6 hxg6 25. Qxg6+ Kf8 26. Re1 e5 27. Qh6+
Kg8 28. Qg5+ Rg7 29. Qh4 Bc6 30. Ng5 Rf8 31. Qc4+ Kh8 32. Qh4+ Kg8 33. Qc4+ Kh8
34. Re3 Bd7 35. Qh4+ Kg8 36. Qc4+ Kh8 37. Ne6 Bxe6 38. Qxe6 Bc7 39. Rh3+ Rh7 40.
Bxe5+ Bxe5 41. Qxe5+ Qf6 {White resigns} 0-1

[Event "Team 45 45 League T55"]
[Site "Internet Chess Club"]
[Date "2012.12.01"]
[Round "3"]
[White "bshribharath"]
[Black "Buford-Julep"]
[Result "1-0"]
[WhiteElo "1807"]
[BlackElo "1678"]
[Opening "QGA: 3.Nf3"]
[ECO "D21"]
[Time "10:01:14"]
[TimeControl "2700+45"]

1. d4 d5 2. c4 dxc4 3. Nf3 e6 4. g3 b5 5. Bg2 Bb7 6. O-O Nf6 7. a4 a6 8. Nc3 b4
9. Nb1 Be7 10. Nbd2 c3 11. bxc3 bxc3 12. Nc4 Nbd7 13. Qb3 Qc8 14. Ba3 Bxa3 15.
Qxa3 c5 16. dxc5 Nxc5 17. Nd6+ {Black resigns} 1-0

[Event "Team 45 45 League T55"]
[Site "Internet Chess Club"]
[Date "2012.12.01"]
[Round "3"]
[White "bondguy01"]
[Black "Beetlejuice"]
[Result "1-0"]
[WhiteElo "1684"]
[BlackElo "1720"]
[Opening "QGD: Chigorin defense, Janowski variation"]
[ECO "D07"]
[Time "14:00:25"]
[TimeControl "2700+45"]

1. d4 d5 2. c4 Nc6 3. Nc3 dxc4 4. Nf3 Nf6 5. Bg5 a6 6. d5 Na7 7. e4 Nb5 8. Qa4
Bd7 9. Qxc4 Nxc3 10. bxc3 c6 11. Bd3 Rc8 12. Qd4 Bg4 13. Ne5 Bd7 14. O-O e6 15.
c4 cxd5 16. Nxd7 Qxd7 17. exd5 Be7 18. Rfe1 O-O 19. Qh4 h6 20. Bxh6 gxh6 21.
Qxh6 exd5 22. Re3 Rc6 23. Qg5+ Kh8 24. Rg3 Ng4 25. Rh3+ Rh6 26. Rxh6+ Nxh6 27.
Qxh6+ {Black resigns} 1-0

[Event "Team 45 45 League T55"]
[Site "Internet Chess Club"]
[Date "2012.12.02"]
[Round "3"]
[White "MontanaSky"]
[Black "losscause"]
[Result "1-0"]
[WhiteElo "1702"]
[BlackElo "1581"]
[Opening "QGD semi-Slav"]
[ECO "D43"]
[Time "20:01:39"]
[TimeControl "2700+45"]

1. d4 d5 2. c4 c6 3. Nf3 Nf6 4. Nc3 e6 5. Bg5 h6 6. Bh4 Bb4 7. Qc2 Nbd7 8. e3
Be7 9. Bd3 dxc4 10. Bxc4 Nd5 11. Bxe7 Nxe7 12. O-O Ng6 13. Ne4 Nf6 14. Bd3 O-O
15. Nxf6+ Qxf6 16. Bxg6 fxg6 17. Ne5 g5 18. f4 gxf4 19. Rxf4 Qd8 20. Raf1 {Black
resigns} 1-0